 Dungeon Crawl Stone Soup version 0.23-a0-33-g1e3a2e4 (webtiles) character file.

150 Gospel the Skirmisher (level 5, 0/33 HPs)
             Began as a Gargoyle Fighter on Aug 4, 2018.
             Killed by divine providence
             ... invoked by an orc priest
              (11 damage)
             ... on level 3 of the Dungeon.
             The game lasted 00:01:43 (1644 turns).

Gospel the Skirmisher (Gargoyle Fighter)            Turns: 1644, Time: 00:01:44

Health: 0/33       AC: 13    Str: 24 (25) XL:     5   Next: 32%
Magic:  5/5        EV:  7    Int: 11 (14) God:
Gold:   78         SH:  9    Dex:  6 (9)  Spells: 4/4 levels left

rFire    x . .     SeeInvis .   a - +0 war axe
rCold    + . .     Gourm    .   c - +0 shield
rNeg     + . .     Faith    .   b - +0 scale mail
rPois    ∞         Spirit   .   (no helmet)
rElec    +         Reflect  .   (no cloak)
rCorr    .         Harm     .   i - +1 pair of gloves
MR       .....                  (no boots)
Stlth    ..........             (no amulet)
HPRegen  0.11/turn              p - ring of ice
MPRegen  0.09/turn              (no ring)

@: mighty, brilliant, flying
A: negative energy resistance 1, electricity resistance, unbreathing,
petrification resistance, rot immunity, AC +4
a: no special abilities


You were on level 3 of the Dungeon.
You were not hungry.

You visited 1 branch of the dungeon, and saw 3 of its levels.

You collected 78 gold pieces.

Inventory:

Hand Weapons
 a - a +0 war axe (weapon)
Armour
 b - a +0 scale mail (worn)
 c - a +0 shield (worn)
 i - a +1 pair of gloves (worn)
 j - a cursed +0 large shield
Jewellery
 p - a ring of ice (left hand)
 r - a +2 ring of intelligence {unknown}
Scrolls
 e - a scroll of blinking {unknown}
 h - 4 scrolls of teleportation {unknown}
 k - 4 scrolls of identify {unknown}
 n - a scroll of fog {unknown}
 o - a scroll of enchant armour {unknown}
 q - 2 scrolls of magic mapping {unknown}
Potions
 m - a potion of degeneration
Comestibles
 f - 2 rations
 s - 6 chunks of flesh


   Skills:
 - Level 4.2 Fighting
 * Level 4.1 Axes
 - Level 3.2 Armour
 - Level 0.5 Dodging
 - Level 0.7 Stealth
 - Level 3.2 Shields


You had 4 spell levels left.
You didn't know any spells.
Your spell library was empty.

Dungeon Overview and Level Annotations

Branches:
Dungeon (3/15)

Altars:
Nemelex Xobeh


Innate Abilities, Weirdness & Mutations

You are resistant to torment.
Your stone body is resilient. (AC +4)
You are immune to poison.
You resist negative energy. (rN+)
You are resistant to electric shocks. (rElec)
You can survive without breathing.
You are immune to petrification.
You are immune to rotting.


Message History

You closely miss the orc priest.
The orc priest is moderately wounded.
The orc priest hits you but does no damage.
You slash the orc priest!
You kill the orc priest!
You feel your strength returning.
Your Axes skill increases to level 4!
You barely miss the kobold. You block the kobold's attack. x2
You slash the kobold!
You kill the kobold!
You slash the orc!
You kill the orc!
It was a potion of flight.
You feel very buoyant.
You fly up into the air.
The orc hits you but does no damage.
It was a potion of brilliance.
You feel clever all of a sudden.
The orc priest invokes the aid of Beogh against you.
Beogh smites you!
You die...

#....... #######.
######. #...##. #...##.
#...##. #...##.
####o#############..)##.
.....oo@$........'..)((.
####+#############...#..
#)..#.. #...##. ######(
#. #. .


You could see an orc priest and 2 orcs.

Vanquished Creatures
  An orc priest (D:3)
  An orc wizard (D:3)
  5 adders
  A worm (D:2)
  3 leopard geckos
  6 orcs (D:3)
  3 bats
  5 goblins
  3 hobgoblins
  3 jackals (D:2)
  5 kobolds
  2 rats
38 creatures vanquished.

Notes
Turn   | Place    | Note
-------+----------+-------------------------------------------
     0 | D:1      | Gospel the Gargoyle Fighter began the quest for the Orb.
     0 | D:1      | Reached XP level 1. HP: 14/14 MP: 1/1
   299 | D:1      | Reached XP level 2. HP: 16/20 MP: 2/2
   733 | D:2      | Reached XP level 3. HP: 20/24 MP: 3/3
   860 | D:2      | Found a sparkling altar of Nemelex Xobeh.
  1113 | D:2      | Reached XP level 4. HP: 24/29 MP: 4/4
  1616 | D:3      | Reached XP level 5. HP: 28/33 MP: 5/5
  1644 | D:3      | Killed from afar by an orc priest

Vault maps used:
D:1:      minmay_arrival_semitransparent
D:2:      nemelex_xobeh_ov_fountains_minmay
D:3:      nicolae_overflow_hidden_temple

Skill      XL: |  1  2  3  4  5 |
---------------+----------------+-----
Axes           | 2 3 4 |  4.1
Fighting       | 4 |  4.2
Armour         | |  3.2
Dodging        | |  0.5
Stealth        | |  0.7
Shields        | |  3.2

Action                   |  1- 3 |  4- 6 || total
-------------------------+-------+-------++-------
Melee: War axe           |    84 |    73 ||   157
  Use: Potion            |       |     4 ||     4
  Eat: Ration            |       |     1 ||     1
Armor: Scale mail        |    55 |    45 ||   100
Dodge: Dodged            |    34 |    20 ||    54
Block: Shield            |    59 |    32 ||    91

Table legend:
 A = Spawn XP
 B = Non-spawn XP
 C = Spawn XP percentage of total XP
 D = Spawn monster count
 E = Non-spawn monster count
 F = Spawn count percentage of total count
 G = Total turns spent on level
                    A         B        C        D         E        F      G
               +---------+---------+-------+---------+---------+-------+---------
         Total |       0 |     215 |   0.0 |       0 |      38 |   0.0 |  1644
               +---------+---------+-------+---------+---------+-------+---------
           D:1 |       0 |      16 |   0.0 |       0 |       8 |   0.0 |   546
           D:2 |       0 |      79 |   0.0 |       0 |      16 |   0.0 |   905
           D:3 |       0 |     120 |   0.0 |       0 |      14 |   0.0 |   193
               +---------+---------+-------+---------+---------+-------+---------
